 Dungeon Crawl Stone Soup version 0.22-a0-480-g991dd4b (webtiles) character file.

323 Darkshadow the Chopper (level 6, 0/56 HPs)
             Began as a Hill Orc Monk on June 14, 2018.
             Was a Believer of Beogh.
             Slain by an orc priest
             ... wielding a +0 trident
              (3 damage)
             ... on level 5 of the Dungeon.
             The game lasted 00:20:30 (5050 turns).

Darkshadow the Chopper (Hill Orc Monk)              Turns: 5050, Time: 00:20:31

Health: 0/56       AC:  6    Str: 16    XL:     6   Next: 47%
Magic:  6/6        EV:  9    Int: 10    God:    Beogh [**....]
Gold:   98         SH:  0    Dex: 13    Spells: 5/5 levels left

rFire    . . .     SeeInvis .   a - +0 hand axe
rCold    . . .     Gourm    .   (no shield)
rNeg     . . .     Faith    .   j - +0 scale mail
rPois    .         Spirit   .   (no helmet)
rElec    .         Reflect  .   (no cloak)
rCorr    .         Harm     .   (no gloves)
MR       .....                  (no boots)
Stlth    ..........             (no amulet)
HPRegen  0.18/turn              n - +5 ring of slaying
MPRegen  0.10/turn              (no ring)

@: extremely drained
A: no striking features
a: Smiting, Renounce Religion


You were on level 5 of the Dungeon.
You worshipped Beogh.
Beogh was pleased with you.
You were hungry.

You visited 1 branch of the dungeon, and saw 5 of its levels.

You collected 98 gold pieces.

Inventory:

Hand Weapons
 a - a +0 hand axe (weapon)
 b - a +0 hunting sling
 t - a +0 war axe
Missiles
 q - 14 poisoned needles
 u - 19 sling bullets (quivered)
 v - 107 stones
Armour
 j - a +0 scale mail (worn)
 m - a +0 plate armour
 s - a +0 robe
Jewellery
 n - a +5 ring of slaying (left hand)
Wands
 p - a wand of paralysis (15)
Scrolls
 e - 4 scrolls of remove curse {@r2}
 y - 2 scrolls of fog
Potions
 d - a potion of might {unknown}
 f - a potion of curing {@q1}
 g - 2 potions of magic
 h - a potion of agility
 i - 2 potions of flight
 k - 2 potions of haste
 l - a potion of lignification
 r - 2 potions of mutation
 w - a potion of berserk rage
 x - 2 potions of brilliance {unknown}
 z - 2 potions of degeneration {unknown}
Comestibles
 c - 11 rations


   Skills:
 + Level 5.6(0.0) Fighting
 * Level 7.8(1.2) Axes
 - Level 2.5(0.0) Dodging
 - Level 1.7(0.0) Stealth


You had 5 spell levels left.
You didn't know any spells.
Your spell library was empty.

Dungeon Overview and Level Annotations

Branches:
Dungeon (5/15)
 Temple: D:4-7

Altars:
Elyvilon
Zin
The Shining One

Annotations:
D:2 Sigmund
D:3 madedhun's ghost, amateur SpVM
D:4 Azzur's ghost, amateur GnCK


Message History

The orc priest is severely wounded.
The orc priest hits you from afar with a trident.
* * * LOW HITPOINT WARNING * * *
The orc priest barely misses you.
The orc priest hits you from afar with a trident.
* * * LOW HITPOINT WARNING * * *
You slash the orc priest!
You kill the orc priest!
Beogh accepts your kill.
Beogh appreciates your killing of a heretic priest.
The orc priest hits you from afar with a trident.
* * * LOW HITPOINT WARNING * * *
The orc priest closely misses you. The orc priest barely misses you.
The orc priest hits you with a trident.
* * * LOW HITPOINT WARNING * * *
You hit the orc priest.
The orc priest is moderately wounded.
The orc priest hits you with a trident.
You die...
Beogh appreciates the orc priest's killing of a heretic priest.

....>....+.........+
......####.........
.....## ...o... .....#
..o.. #.#### ... #.# #o#
#.# #.# #.#
########.#########.
#.#####........o@........
<....##.###....)#########
#.##.##.# #......#
#.##.##.###.....##
#............#..#
####.##.###..#..# #.##.#
#...).# #.##.# #####.#
..##.. ..#


You could see an orc priest.

Vanquished Creatures
  A bullfrog (D:3)
  An orc priest (D:5)
  2 orc wizards
  Jessica (D:2)
  A howler monkey skeleton (D:5)
  4 adders
  2 oozes
  An adder skeleton (D:4)
  3 worms
  4 dart slugs
  3 leopard geckos (D:1)
  5 orcs
  11 bats
  3 giant cockroaches
  2 goblins (D:1)
  9 hobgoblins
  6 jackals
  A quokka (D:2)
  4 frilled lizards
  4 kobolds
  4 rats
72 creatures vanquished.

Vanquished Creatures (others)
  An orc priest (D:4)
1 creature vanquished.

Grand Total: 73 creatures vanquished

Notes
Turn   | Place    | Note
-------+----------+-------------------------------------------
     0 | D:1      | Darkshadow the Hill Orc Monk began the quest for the Orb.
     0 | D:1      | Reached XP level 1. HP: 19/19 MP: 1/1
    94 | D:1      | Reached XP level 2. HP: 19/27 MP: 2/2
   577 | D:1      | Reached XP level 3. HP: 33/33 MP: 3/3
   618 | D:1      | Reached skill level 5 in Axes
  1276 | D:2      | Reached XP level 4. HP: 24/41 MP: 4/4
  1772 | D:2      | Noticed Jessica
  1784 | D:2      | Killed Jessica
  1925 | D:2      | Reached skill level 6 in Axes
  2102 | D:2      | Reached XP level 5. HP: 47/47 MP: 5/5
  2172 | D:2      | Noticed Sigmund
  2407 | D:3      | Noticed madedhun's ghost (amateur SpVM)
  3095 | D:3      | Reached skill level 5 in Fighting
  3386 | D:4      | Reached skill level 7 in Axes
  3728 | D:4      | Reached XP level 6. HP: 50/56 MP: 6/6
  3947 | D:4      | Became a worshipper of Beogh the Brigand
  3947 | D:4      | Reached * piety under Beogh
  3947 | D:4      | Reached ** piety under Beogh
  3986 | D:4      | Noticed Azzur's ghost (amateur GnCK)
  4506 | D:4      | Found a glowing golden altar of the Shining One.
  4506 | D:4      | Found a white marble altar of Elyvilon.
  4506 | D:4      | Found a glowing silver altar of Zin.
  4903 | D:5      | Entered Level 5 of the Dungeon
  5050 | D:5      | Slain by an orc priest

Vault maps used:
D:1:      dpeg_arrival_erosion, minmay_split_cup_large
D:2:      dk_noncrumbling_2, uniq_sigmund, uniq_jessica
D:4:      good_gods_mini_temple
D:5:      grunt_temple_overflow_open, first_ration, ashenzari_altar_1,
          uniq_blork_the_orc, uniq_duvessa, uniq_grinder

Skill      XL: |  1  2  3  4  5 |
---------------+----------------+-----
Fighting       | 4 5 |  5.6
Axes           | 5 6 7 |  7.8
Dodging        | |  2.5
Stealth        | |  1.7

Action                   |  1- 3 |  4- 6 || total
-------------------------+-------+-------++-------
Melee: Hand axe          |   126 |   169 ||   295
       War axe           |       |    41 ||    41
 Fire: Hunting sling     |       |    16 ||    16
Invok: Convert to Beogh  |       |     1 ||     1
  Use: Potion            |     1 |       ||     1
       Scroll            |       |    11 ||    11
 Stab: Sleeping          |     3 |       ||     3
  Eat: Chunk             |       |     6 ||     6
       Ration            |       |     2 ||     2
Armor: Robe              |    24 |       ||    24
       Scale mail        |       |   102 ||   102
Dodge: Dodged            |    99 |   120 ||   219

Table legend:
 A = Spawn XP
 B = Non-spawn XP
 C = Spawn XP percentage of total XP
 D = Spawn monster count
 E = Non-spawn monster count
 F = Spawn count percentage of total count
 G = Total turns spent on level
                    A         B        C        D         E        F      G
               +---------+---------+-------+---------+---------+-------+---------
         Total |       0 |     462 |   0.0 |       0 |      72 |   0.0 |  5050
               +---------+---------+-------+---------+---------+-------+---------
           D:1 |       0 |      60 |   0.0 |       0 |      27 |   0.0 |  1167
           D:2 |       0 |     110 |   0.0 |       0 |      22 |   0.0 |  1708
           D:3 |       0 |     116 |   0.0 |       0 |       9 |   0.0 |  1134
           D:4 |       0 |      69 |   0.0 |       0 |       8 |   0.0 |   899
           D:5 |       0 |     107 |   0.0 |       0 |       6 |   0.0 |   142
               +---------+---------+-------+---------+---------+-------+---------
